 Dungeon Crawl Stone Soup version 0.24-a0-445-gd5110b030a (webtiles) character file.

Game seed: 11565342593665812630

170 emperorscorpion the Chopper (level 5, -5/49 HPs)
             Began as a Deep Dwarf Berserker on June 22, 2019.
             Was a Follower of Trog.
             Killed by divine providence
             ... invoked by an orc priest
              (10 damage)
             ... on level 4 of the Dungeon.
             The game lasted 00:02:05 (229 turns).

emperorscorpion the Chopper (Deep Dwarf Berserker)   Turns: 229, Time: 00:02:06

Health: -5/49      AC:  3    Str: 22    XL:     5   Next: 26%
Magic:  5/5        EV: 13    Int:  7    God:    Trog [*.....]
Gold:   0          SH:  0    Dex: 12    Spells: 4/4 levels left

rFire    . . .     SeeInvis .   a - +0 hand axe
rCold    . . .     Gourm    .   (no shield)
rNeg     . . .     Faith    .   b - +1 animal skin
rPois    .         Spirit   .   (no helmet)
rElec    .         Reflect  .   (no cloak)
rCorr    .         Harm     .   (no gloves)
MR       .....                  (no boots)
Stlth    +.........             (no amulet)
HPRegen  0.00/turn              (no ring)
MPRegen  0.09/turn              (no ring)

@: berserk cooldown, non-regenerating
A: damage resistance, heal wounds, sense surroundings 1, no regeneration
a: Heal Wounds, Berserk, Renounce Religion


You were on level 4 of the Dungeon.
You worshipped Trog.
Trog was aware of your devotion.
You were not hungry.

You visited 1 branch of the dungeon, and saw 4 of its levels.

Inventory:

Hand Weapons
 a - a +0 hand axe (weapon)
 d - a +0 short sword of venom
Missiles
 e - 11 poisoned darts (quivered)
Armour
 b - a +1 animal skin (worn)
Comestibles
 c - 2 rations
 f - 4 chunks of flesh


   Skills:
 + Level 3.6 Fighting
 + Level 4.9 Axes
 + Level 2.4 Armour
 + Level 3.6 Dodging
 + Level 0.1 Stealth


You had 4 spell levels left.
You didn't know any spells.
Your spell library was empty.

Dungeon Overview and Level Annotations

Branches:
Dungeon (4/15)
 Temple: D:4-7

Altars:


Innate Abilities, Weirdness & Mutations

You are resistant to damage.
You can heal yourself by infusing magical energy.
You passively map a small area around you.
You do not regenerate.


Message History

The orc priest moves out of view.
An orc comes into view. It is wielding a +0 hand axe.
An orc wizard comes into view. It is wielding a +0 dagger.
The orc moves out of view.
Found a stone staircase leading down.
The orc priest shouts!
The orc wizard shouts!
You hear a shout! x2
The orc priest mumbles some strange prayers to Beogh against you.
Beogh smites you!
The orc priest miscasts a cantrip.
You feel yourself speed up. The orc hits you but does no damage.
The orc priest calls down the wrath of Beogh upon you.
Beogh smites you!
* * * LOW HITPOINT WARNING * * *
There is a stone staircase leading down here.
You fail to use your ability.
The orc misses you.
The orc wizard hits you but does no damage.
The orc priest mumbles some strange prayers to Beogh against you.
Beogh smites you!
You die...

, , *########.##8 , ,
#........#.. **, *
#.########.. * * , #.#
#.. ,* #.# #.# , , #.#
#. ########### #.# #.
* ..........# #.# *###
*
,.......@..###.#.....,
,
......oo..#..........
..........#.#.#.#####*
, ..............#.# ,
....o.........# # ,
............#.#,
.############.#, * , ,
..# * + , .#


You could see an orc priest, an orc wizard and an orc.

Vanquished Creatures
  An ogre (D:4)
  A howler monkey (D:4)
  A howler monkey zombie (D:4)
  2 adders (D:4)
  An adder skeleton (D:4)
  A worm (D:4)
  An orc (D:3)
  2 giant cockroaches
  A goblin (D:3)
  A hobgoblin (D:3)
  2 kobolds
  A quokka (D:4)
  2 quokka skeletons
  A rat (D:1)
18 creatures vanquished.

Notes
Turn   | Place    | Note
-------+----------+-------------------------------------------
     0 | D:1      | emperorscorpion the Deep Dwarf Berserker began the quest
                  | for the Orb.
     0 | D:1      | Reached XP level 1. HP: 20/20 MP: 1/1
    92 | D:3      | Reached XP level 2. HP: 25/27 MP: 2/2
   155 | D:4      | Noticed an ogre
   178 | D:4      | Noticed a howler monkey
   187 | D:4      | Reached skill level 4 in Axes
   187 | D:4      | Reached XP level 3. HP: 32/34 MP: 3/3
   188 | D:4      | Killed an ogre
   188 | D:4      | Reached XP level 4. HP: 40/42 MP: 4/4
   193 | D:4      | Reached XP level 5. HP: 45/49 MP: 5/5
   229 | D:4      | Killed from afar by an orc priest

Levels and vault maps discovered:
D:1:      dpeg_arrival_tiny_k, layout_loops_corners
D:2:      layout_loops_ring, overflow_temple_1_default
D:3:      layout_rooms, led_xom_imps, serial_bayou_pond_c,
          uniq_crazy_yiuf_cottage
D:4:      layout_basic, serial_shops, kennysheep_little_box, first_ration,
          serial_undead, serial_undead_b, serial_undead_b, serial_undead_e,
          serial_undead_a, serial_undead_d, serial_undead_c, uniq_sigmund,
          uniq_robin, uniq_edmund

Skill      XL: |  1  2  3 |
---------------+----------+-----
Fighting       | 3 |  3.6
Axes           | 4 |  4.9
Dodging        | 3 |  3.6
Armour         | |  2.4
Stealth        | |  0.1

Action                   |  1- 3 |  4- 6 || total
-------------------------+-------+-------++-------
Melee: Hand axe          |    33 |    10 ||    43
Invok: Berserk           |     4 |       ||     4
 Abil: Heal Wounds       |     2 |       ||     2
  Use: Scroll            |     2 |       ||     2
  Eat: Chunk             |       |     1 ||     1
Armor: Animal skin       |     5 |     3 ||     8
Dodge: Dodged            |    41 |     8 ||    49

Table legend:
 A = Non-vault XP
 B = Vault XP
 C = Vault XP percentage of total XP
 D = Non-vault monster count
 E = Vault monster count
 F = Vault count percentage of total count
                 A         B        C        D         E       F
            +---------+---------+-------+---------+---------+-------
      Total |     222 |      22 |   9.0 |      15 |       3 |  16.7
            +---------+---------+-------+---------+---------+-------
        D:1 |       3 |       0 |   0.0 |       2 |       0 |   0.0
        D:3 |      10 |       0 |   0.0 |       5 |       0 |   0.0
        D:4 |     209 |      22 |   9.5 |       8 |       3 |  27.3
            +---------+---------+-------+---------+---------+-------
